 Dungeon Crawl Stone Soup version 0.21.1-1-g345015fe64 (webtiles) character file.

182 Gargoyl the Skirmisher (level 5, -12/46 HPs)
             Began as a Centaur Abyssal Knight on June 30, 2018.
             Was a Believer of Lugonu.
             Mangled by a goblin
             ... wielding a +1 dagger of electrocution
              (19 damage)
             ... on level 3 of the Dungeon.
             The game lasted 00:04:35 (2079 turns).

Gargoyl the Skirmisher (Centaur Abyssal Knight)     Turns: 2079, Time: 00:04:36

Health: -12/46     AC: 13    Str: 14    XL:     5   Next: 34%
Magic:  16/16      EV:  4    Int:  8    God:    Lugonu [**....]
Gold:   183        SH:  0    Dex: 10    Spells: 4/4 levels left

rFire    . . .     SeeInvis .   a - +1 hand axe
rCold    . . .     Gourm    .   (no shield)
rNeg     + + .     Faith    .   d - +6 chain mail of Duck's Teeth {rPois rN++ Regen+ MP+9 Int-3}
rPois    +         Spirit   .   (no helmet)
rElec    .         Reflect  .   (no cloak)
rCorr    .         Harm     .   (no gloves)
MR       .....                  (no barding)
Stlth    ..........             (no amulet)
HPRegen  0.55/turn              (no ring)
MPRegen  0.15/turn              (no ring)

@: very quick
A: large, hooves 3, deformed body, speed 2, tough skin 3
a: Depart the Abyss, Bend Space, Renounce Religion


You were on level 3 of the Dungeon.
You worshipped Lugonu.
Lugonu was pleased with you.
You were not hungry.

You visited 1 branch of the dungeon, and saw 3 of its levels.
You visited the Abyss 1 time.

You collected 183 gold pieces.

Inventory:

Hand Weapons
 a - a +1 hand axe (weapon)
Missiles
 p - 2 tomahawks (quivered)
Armour
 d - the +6 chain mail of Duck's Teeth (worn) {rPois rN++ Regen+ MP+9 Int-3}
   (You found it on level 2 of the Abyss)

   It affects your intelligence (-3).
   It protects you from poison.
   It greatly protects you from negative energy.
   It affects your magic capacity (+9).
   It increases your rate of regeneration.
Wands
 n - a wand of iceblast (2)
Scrolls
 f - a scroll of random uselessness {unknown}
 h - 2 scrolls of fog
 i - a scroll of immolation {unknown}
 j - a scroll of remove curse {unknown}
 k - a scroll of blinking {unknown}
 l - 2 scrolls of identify {unknown}
 o - a scroll of enchant armour {unknown}
Potions
 g - a potion of lignification {unknown}
Comestibles
 c - 6 rations
 m - 6 chunks of flesh


   Skills:
 + Level 3.8 Fighting
 + Level 3.3 Axes
 * Level 2.5 Armour
 + Level 0.7 Dodging
 * Level 2.7 Invocations


You had 4 spell levels left.
You didn't know any spells.

Dungeon Overview and Level Annotations

Branches:
Dungeon (3/15)

Altars:
Ashenzari
Kikubaaqudgha


Innate Abilities, Weirdness & Mutations

You have hooves in place of feet.
Armour fits poorly on your strangely shaped body.
You cover ground very quickly.
You have extremely tough skin. (AC +3)


Message History

The goblin is wielding a dagger of electrocution.
The orc shouts!
The goblin shouts!
You hear a shout!
You hit the orc.
The orc is heavily wounded.
You miss the goblin. The orc hits you but does no damage.
The goblin hits you but does no damage.
You are electrocuted!
You hit the orc. Your kick misses the orc.
The orc is severely wounded.
You hit the goblin but do no damage. The orc hits you but does no damage.
The goblin hits you but does no damage.
You are electrocuted!
A bat comes into view.
Unknown command.
You barely miss the goblin. You kick the goblin.
The goblin is severely wounded.
You hit the orc but do no damage. The goblin hits you but does no damage.
You are electrocuted!
* * * LOW HITPOINT WARNING * * *
The orc barely misses you. The goblin hits you but does no damage.
You are electrocuted!
You die...

#..# #..# #..# ...# #
.....# #..#b# ##....#
#..#.#### #.....#
#.......g #.
#.....#######@g.###
..##.....+.......o...#
#.......######.#..#.#
#.......# #.#....#
#.......######.###..#
###..............(..#
##.........##.####)#
#.....#....##.# .#
#.....#....##.####.##


You could see an orc and 2 goblins.

Vanquished Creatures
  Purgy (D:3)
  2 adders (D:2)
  3 worms
  7 dart slugs
  3 leopard geckos
  4 bats (D:2)
  3 giant cockroaches
  4 goblins
  6 hobgoblins
  5 kobolds
  A ball python (D:1)
  5 frilled lizards
  2 rats (D:2)
46 creatures vanquished.

Notes
Turn   | Place    | Note
-------+----------+-------------------------------------------
     0 | Abyss:1  | Gargoyl the Centaur Abyssal Knight began the quest for the Orb.
     0 | Abyss:1  | Reached XP level 1. HP: 19/19 MP: 2/2
    35 | Abyss:2  | Got a transparent chain mail
    46 | Abyss:2  | Identified the +6 chain mail of Duck's Teeth {rPois rN++ Regen+ MP+9 Int-3} (You found it on level 2 of the Abyss)
    50 | Abyss:2  | Noticed a golden dragon skeleton
    51 | D:1      | Escaped the Abyss
   124 | D:1      | Reached XP level 2. HP: 26/26 MP: 3/3
   168 | D:1      | Reached * piety under Lugonu
   744 | D:2      | Reached XP level 3. HP: 30/31 MP: 4/4
   780 | D:2      | Found a shattered altar of Ashenzari.
  1241 | D:2      | Found an ancient bone altar of Kikubaaqudgha.
  1268 | D:2      | Reached XP level 4. HP: 40/40 MP: 5/5
  1476 | D:2      | Reached ** piety under Lugonu
  1998 | D:3      | Noticed Purgy
  2023 | D:3      | Killed Purgy
  2023 | D:3      | Reached XP level 5. HP: 46/46 MP: 7/7
  2079 | D:3      | Mangled by a goblin

Skill      XL: |  1  2  3  4 |
---------------+-------------+-----
Axes           | 2 3 |  3.3
Armour         | 2 |  2.5
Fighting       | |  3.8
Dodging        | |  0.7
Invocations    | |  2.7

Action                   |  1- 3 |  4- 6 || total
-------------------------+-------+-------++-------
Melee: Hand axe          |   112 |    53 ||   165
       Kick              |    17 |     7 ||    24
Invok: Depart the Abyss  |     1 |       ||     1
  Use: Scroll            |     2 |       ||     2
       Potion            |       |     2 ||     2
  Eat: Chunk             |       |     2 ||     2
Armor: Chain mail        |    87 |   105 ||   192
Dodge: Dodged            |    32 |    29 ||    61
